 Dungeon Crawl Stone Soup version 0.28-a0-1344-g6b9ff3a05d (webtiles) character file.

Game seed: 12334479647650503171

353 Deminshera the Cutter (level 6, -2/48 HPs)
             Began as a Demonspawn Fighter on Dec 29, 2021.
             Slain by a scorpion (5 damage)
             ... on level 5 of the Dungeon.
             The game lasted 00:07:42 (4452 turns).

Deminshera the Cutter (Demonspawn Fighter)          Turns: 4452, Time: 00:07:43

Health: -2/48      AC:  7    Str: 18    XL:     6   Next: 35%
Magic:  6/6        EV: 10    Int:  9    God:
Gold:   179        SH:  5    Dex: 13    Spells: 5/5 levels left

rFire   + . .      SeeInvis .   a - +0 short sword (elec)
rCold   . . .      Faith    .   c - +0 buckler
rNeg    . . .      Spirit   .   m - +1 ring mail {rF+}
rPois   .          Reflect  .   (helmet restricted)
rElec   .          Harm     .   p - +0 cloak
rCorr   .          Rampage  .   (no gloves)
Will    .....                   (no boots)
Stlth   +.........              (no amulet)
HPRegen 0.16/turn               (no ring)
MPRegen 0.10/turn               (no ring)

@: mighty
A: horns 2, demonic guardian 1, weakness stinger 2
a: no special abilities


You were on level 5 of the Dungeon.
You visited 2 branches of the dungeon, and saw 8 of its levels.

You collected 179 gold pieces.

Inventory:

Hand Weapons
 a - a +0 short sword of electrocution (weapon)
 b - a +0 short sword of venom
Armour
 c - a +0 buckler (worn)
 m - a +1 ring mail of fire resistance (worn)
 p - a +0 cloak (worn)
Wands
 o - a wand of paralysis (2)
 r - a wand of flame (7) (quivered)
Scrolls
 e - 2 scrolls of fog {unknown}
 f - 2 scrolls of summoning {unknown}
 g - 2 scrolls of identify {unknown}
 k - a scroll of teleportation {unknown}
 l - a scroll of fear {unknown}
 n - a scroll of vulnerability {unknown}
 q - a scroll of enchant armour {unknown}
 s - a scroll of blinking {unknown}
Potions
 d - a potion of might
 h - a potion of heal wounds {unknown}
 i - a potion of flight {unknown}
 j - a potion of magic {unknown}


   Skills:
 + Level 3.8 Fighting
 - Level 5.0 Short Blades
 - Level 2.6 Armour
 - Level 2.0 Stealth
 + Level 3.3 Shields


You had 5 spell levels left.
You didn't know any spells.
Your spell library contained the following spells:

 Spells                   Type           Power      Damage    Failure   Level
 Ensorcelled Hibernation  Hex/Ice        0%         N/A       75%         2
 Tukima's Dance           Hex            0%         N/A       93%         3
 Summon Forest            Summ/Tloc      0%         N/A       100%        5
 Summon Mana Viper        Hex/Summ       0%         N/A       100%        5
 Summon Cactus Giant      Summ           0%         N/A       100%        6
 Enfeeble                 Hex            0%         N/A       100%        7


Dungeon Overview and Level Annotations

Branches:
Dungeon (7/15)             Temple (1/1) D:4

Altars:
Ashenzari
Cheibriados
Elyvilon
Hepliaklqana
Kikubaaqudgha
Okawaru
Qazlal
Ru
Sif Muna
Uskayaw
Vehumet
Wu Jian
Xom
Yredelemnul
Zin


Innate Abilities, Weirdness & Mutations

You have a pair of horns on your head.
A weak demonic guardian rushes to your aid.
You have a tail ending in a sharp stinger.


Message History

The necrophage hits you but does no damage.
A quokka comes into view.
Found an escape hatch in the floor.
You barely miss the quokka.
Your tail-slap misses the quokka.
The necrophage hits you.
* * * LOW HITPOINT WARNING * * *
A demonic guardian appears!
You feel drained.
* * * LOW HITPOINT WARNING * * *
The quokka bites you but does no damage.
Your ufetubus misses the quokka.
Your ufetubus barely misses the quokka.
The quokka barely misses you.
Your ufetubus barely misses the quokka.
Your ufetubus misses the quokka.
The quokka twitches its whiskers.
The quokka barely misses you.
Your ufetubus barely misses the quokka. x2
Your ufetubus hits the quokka. Your ufetubus misses the quokka.
The necrophage closely misses your ufetubus.
Your ufetubus hits the quokka.
The quokka dies!
Your ufetubus closely misses the gnoll.
Your ufetubus hits the gnoll.
The gnoll hits your ufetubus but does no damage.
Your ufetubus hits the gnoll. x2
Your ufetubus hits the gnoll.
Your ufetubus closely misses the gnoll.
The gnoll barely misses your ufetubus.
Your ufetubus barely misses the gnoll.
Your ufetubus hits the gnoll.
The gnoll dies!
Your life force feels restored.
There is an escape hatch in the floor here.
You slide downwards.
The hatch slams shut behind you. The scorpion stings you.
* * * LOW HITPOINT WARNING * * *
The scorpion barely misses you.
Found an iron altar of Okawaru.
A scorpion is nearby!
A scorpion is nearby!
A scorpion comes into view.
The scorpion moves out of view.
The scorpion completely misses you.
You hit the scorpion but do no damage. You block the scorpion's attack.
You feel very mighty all of a sudden. The scorpion stings you.
You die...

##########
.........####
.......@s...#
..#...♣...#.#
.....♣s♣....#
....♣.♣.♣...#
...♣.♣.♣.♣..#
..♣.♣._.♣.♣.#
...♣.♣.♣ ♣ .#
...♣.♣ .#
...♣ .#


You could see 2 scorpions.

Vanquished Creatures
  A phantom (D:4)
  3 orc priests
  An orc wizard (D:3)
  A mummy (D:4)
  3 adders
  An ufetubus (D:4)
  2 worms
  3 dart slugs
  21 orcs
  5 ball pythons
  4 endoplasms
  6 giant cockroaches
  3 goblins
  5 hobgoblins
  2 quokkas (D:2)
  3 bats
  2 frilled lizards
  2 kobolds
  4 rats
72 creatures vanquished.

Vanquished Creatures (collateral kills)
  A gnoll (D:4)
  2 orcs (D:3)
  A quokka (D:4)
4 creatures vanquished.

Vanquished Creatures (others)
  An orc wizard (D:4)
1 creature vanquished.

Grand Total: 77 creatures vanquished

Notes
Turn   | Place    | Note
-------+----------+-------------------------------------------
     0 | D:1      | Deminshera the Demonspawn Fighter began the quest for the
                  | Orb.
     0 | D:1      | Reached XP level 1. HP: 18/18 MP: 1/1
    18 | D:1      | Found a faded altar of an unknown god.
   244 | D:1      | Reached skill level 1 in Stealth
   545 | D:1      | Gained mutation: A weak demonic guardian rushes to your
                  | aid. [demonic ancestry]
   545 | D:1      | Reached XP level 2. HP: 18/24 MP: 2/2
   984 | D:2      | Reached skill level 2 in Short Blades
  1187 | D:2      | Discovered your monstrous ancestry.
  1187 | D:2      | Gained mutation: You have a pair of small horns on your
                  | head. [demonic ancestry]
  1187 | D:2      | Reached XP level 3. HP: 18/29 MP: 3/3
  1658 | D:2      | Reached skill level 3 in Short Blades
  2473 | D:3      | Gained mutation: You have a pair of horns on your head.
                  | [demonic ancestry]
  2473 | D:3      | Reached XP level 4. HP: 32/35 MP: 4/4
  2844 | D:3      | Reached skill level 4 in Short Blades
  3050 | D:3      | Gained mutation: You have a small tail. [demonic ancestry]
  3050 | D:3      | Reached XP level 5. HP: 29/41 MP: 5/5
  3706 | D:4      | Reached skill level 5 in Short Blades
  3823 | D:4      | Found a staircase to the Ecumenical Temple.
  3835 | Temple   | Entered the Ecumenical Temple
  4083 | D:4      | Noticed a phantom
  4091 | D:4      | Killed a phantom
  4092 | D:4      | Gained mutation: You have a tail ending in a sharp stinger.
                  | [demonic ancestry]
  4092 | D:4      | Reached XP level 6. HP: 39/47 MP: 6/6
  4201 | D:4      | Found a snail-covered altar of Cheibriados.
  4379 | D:4      | You fall into a shaft and drop 3 floors!
  4390 | D:6      | Noticed a steam dragon
  4395 | D:5      | Entered Level 5 of the Dungeon
  4447 | D:5      | Found an iron altar of Okawaru.
  4452 | D:5      | Slain by a scorpion

Illustrated notes

Levels and vault maps discovered:
D:1:      dpeg_arrival_short_road, layout_basic, ebering_ecumenical_altar_hall,
          minmay_quantized
D:2:      layout_basic, minmay_tiny_reverse_x
D:3:      layout_rooms, minmay_liquid_box
D:4:      layout_basic, mainiacjoe_overflow_divided_tiny, slow_altar_2,
          minmay_temple_entry_overgrown
D:5:      layout_rooms, mainiacjoe_overflow_alcove_4, okawaru_trees_2,
          uniq_ijyb, uniq_sigmund, uniq_eustachio, uniq_crazy_yiuf_cottage
D:6:      layout_rooms, trog_ov_bears_minmay
D:7:      layout_basic, enter_bailey_5, chequers_avenue,
          hellmonk_guarded_unrand_vines, uniq_prince_ribbit1
Temple:   cyrus_circular_temple

Skill      XL: |  1  2  3  4  5 |
---------------+----------------+-----
Stealth        | 1 2 |  2.0
Short Blades   | 2 3 4 5 |  5.0
Shields        | 3 |  3.3
Fighting       | |  3.8
Armour         | |  2.6

Action                   |  1- 3 |  4- 6 || total
-------------------------+-------+-------++-------
Melee: Rapier            |   116 |    59 ||   175
       Headbutt          |     8 |    25 ||    33
       Short sword       |       |    48 ||    48
       Tailslap          |       |     7 ||     7
  Use: Potion            |       |     1 ||     1
Armor: Scale mail        |    51 |       ||    51
       Ring mail         |       |    33 ||    33
Dodge: Dodged            |    56 |    66 ||   122
Block: Buckler           |    25 |    23 ||    48

Table legend: (Time is in decaauts)
 A = Elapsed time spent in this place.
 B = Non-inter-level travel time spent in this place.
 C = Inter-level travel time spent in this place.
 D = Time resting spent in this place.
 E = Time spent auto-exploring this place.
 F = Levels seen in this place.
 G = Mean time per level.
                   A        B        C        D        E       F      G
               +--------+--------+--------+--------+--------+-----+--------+
         Total |   4456 |   4362 |     94 |    811 |   2836 |   8 |  557.0 |
       Dungeon |   4353 |   4259 |     94 |    811 |   2801 |   7 |  621.9 |
        Temple |    102 |    102 |      0 |      0 |     35 |   1 |  102.0 |
               +--------+--------+--------+--------+--------+-----+--------+

Top non-repeatable levels by time:
     D:2: 1549 daAuts
     D:3: 1065 daAuts
     D:1: 966 daAuts
     D:4: 741 daAuts
  Temple: 102 daAuts
     D:5: 15 daAuts
     D:7: 10 daAuts
     D:6: 4 daAuts
